[Event "Team 45 45 League T39"]
[Site "Internet Chess Club"]
[Date "2008.11.27"]
[Round "6"]
[White "ir75"]
[Black "PJ"]
[Result "1-0"]
[WhiteElo "1888"]
[BlackElo "1794"]
[Opening "Queen's Indian defense"]
[ECO "A47"]
[Time "14:00:11"]
[TimeControl "2700+45"]

1. d4 Nf6 2. Nf3 b6 3. Bf4 Bb7 4. e3 Nh5 5. Bg5 h6 6. Bh4 g5 7. Nfd2 Ng7 8. Bg3
d6 9. Bb5+ Nd7 10. e4 a6 11. Bd3 Nf6 12. c4 Nfh5 13. Nc3 Nxg3 14. hxg3 e5 15. d5
f6 16. O-O Be7 17. f4 O-O 18. Qe2 Bc8 19. Rf2 Qe8 20. Raf1 Nh5 21. Qe3 gxf4 22.
gxf4 Qg6 23. f5 Qg5 24. Qxg5+ hxg5 25. Ne2 Bd7 26. Kh2 Kf7 27. g3 Rh8 28. Kg2
Rag8 29. Rh1 Nf4+ 30. Nxf4 Rxh1 31. Kxh1 gxf4 32. gxf4 Bf8 33. fxe5 dxe5 34. Rg2
Rh8+ 35. Rh2 Rxh2+ 36. Kxh2 Kg7 37. Kg3 Kh6 38. Nf3 a5 39. b3 Be8 40. Be2 Bh5
41. Ng1 Be8 42. Nf3 Bh5 43. Ng1 Be8 44. Nh3 Bf7 45. Nf2 Be8 46. Ng4+ Kg7 47. Kh4
Be7 48. Nf2 Bc5 49. Nd3 Bf8 50. Bh5 Bxh5 51. Kxh5 Be7 52. Nf2 Bc5 53. Ng4 Be7
54. Nh2 Bc5 55. Nf3 Be7 56. Nh4 Ba3 57. Ng6 Kh7 58. Nh4 Kg7 59. Nf3 Be7 60. Nd2
Bb4 61. Nf1 Bd6 62. Ng3 Be7 63. Ne2 Bb4 64. Kg4 Kf7 65. Kf3 Ke7 66. Ke3 Kd7 67.
Kd3 Bf8 68. Nc3 Ba3 69. Nb5 Bf8 70. Na7 Bc5 71. Nc6 Bf8 72. Ke3 Ba3 73. Kf3 Bc1
74. Kg4 Ba3 75. Kh5 Ke8 76. Kg6 Be7 77. Nxe7 Kxe7 78. Kg7 {Black resigns} 1-0

[Event "Team 45 45 League T39"]
[Site "Internet Chess Club"]
[Date "2008.11.30"]
[Round "6"]
[White "gtm"]
[Black "GolferBob"]
[Result "0-1"]
[WhiteElo "1623"]
[BlackElo "1707"]
[Opening "Nimzo-Indian: 4.e3, main line with ...c5"]
[ECO "E53"]
[Time "19:30:09"]
[TimeControl "2700+45"]

1. d4 Nf6 2. c4 e6 3. Nc3 Bb4 4. Nf3 c5 5. e3 O-O 6. Bd3 d5 7. cxd5 exd5 8. a3
Bxc3+ 9. bxc3 Bg4 10. O-O Nbd7 11. Be2 Rc8 12. Rb1 b6 13. Qa4 Rc7 14. h3 Bf5 15.
Rb2 Ne4 16. c4 Ndf6 17. Qb3 Re8 18. Rd1 Be6 19. Ne5 Nd6 20. cxd5 Nxd5 21. Qd3 c4
22. Qc2 Bf5 23. Qa4 Nc3 24. Qb4 Nxd1 25. Bxd1 f6 26. Nf3 Bg6 27. Bd2 Bf7 28. Bc3
Ne4 29. Rc2 Qd6 30. Qb2 Bd5 31. Bb4 Qd7 32. Qc1 a5 33. Be1 Ra8 34. Be2 Rac8 35.
Nd2 Qe6 36. Nf1 Qc6 37. f3 Nd6 38. e4 Bf7 39. d5 Qa4 40. Bg3 Rd7 41. Bxd6 Rxd6
42. Bxc4 Rc5 43. Nd2 b5 44. Bb3 Qd4+ 45. Kh1 Rxc2 46. Qxc2 Qa1+ 47. Kh2 Qe5+ 48.
Kh1 a4 49. f4 Qe8 50. Ba2 Rd8 51. Qd3 Rc8 52. Bb1 Bg6 53. f5 Bf7 54. Nf3 Qd8 55.
Nd4 Rc1+ 56. Kh2 Qd6+ 57. g3 Qc5 58. Bc2 Ra1 59. Qxb5 Qxb5 60. Nxb5 Ra2 61. Nd4
Kf8 62. Kg1 Ra1+ 63. Kf2 Rxa3 64. h4 Ra2 65. Ke2 Ke7 66. Kd2 Ra3 67. g4 Rh3 68.
Bxa4 Rxh4 69. Bd1 h5 70. Nc6+ Kd6 71. Ke3 hxg4 72. Kf4 g3+ 73. Kxg3 Rxe4 74. Bf3
Re3 75. Kf4 Rxf3+ 76. Kxf3 Bxd5+ 77. Kf4 Bxc6 78. Kg3 Ke5 79. Kg4 Bd7 80. Kg3
Bxf5 {White resigns} 0-1

[Event "Team 45 45 League T39"]
[Site "Internet Chess Club"]
[Date "2008.12.02"]
[Round "6"]
[White "foodfight"]
[Black "Ghashgork"]
[Result "1-0"]
[WhiteElo "1554"]
[BlackElo "1710"]
[Opening "Dutch defense"]
[ECO "A81"]
[Time "11:00:09"]
[TimeControl "2700+45"]

1. d4 f5 2. g3 Nf6 3. Bg2 g6 4. Nf3 Bg7 5. O-O O-O 6. b3 d6 7. Bb2 Nc6 8. c4 Qe8
9. Qc2 h6 10. Nbd2 g5 11. Rfe1 Kh8 12. d5 Nd8 13. e4 fxe4 14. Nxe4 e5 15. dxe6
Nxe6 16. Nxf6 Bxf6 17. Bxf6+ Rxf6 18. Nd4 Qf7 19. Qb2 Nxd4 20. Qxd4 c6 21. Re3
Bf5 22. Rf3 Kg8 23. g4 Rf8 24. Rxf5 Rxf5 25. gxf5 Qxf5 26. Re1 {Black resigns}
1-0